 Dungeon Crawl Stone Soup version 0.29.0-13-gc9e81de378 (webtiles) character file.

Game seed: 8562295002673614388

70 Flure the Sneak (level 4, -8/27 HPs)
             Began as a Kobold Brigand on Sept 8, 2022.
             Killed by nerve-wracking pain
             ... invoked by Grinder
              (11 damage)
             ... on level 3 of the Dungeon.
             The game lasted 00:04:17 (2373 turns).

Flure the Sneak (Kobold Brigand)                    Turns: 2373, Time: 00:04:17

Health: -8/27      AC:  4    Str:  8    XL:     4   Next: 45%
Magic:  4/4        EV: 15    Int: 12    God:
Gold:   127        SH:  0    Dex: 18    Spells: 3/3 levels left

rFire   . . .      SeeInvis .   j - +2 dagger
rCold   . . .      Faith    .   (no shield)
rNeg    . . .      Spirit   .   b - +0 robe
rPois   .          Reflect  .   (no helmet)
rElec   .          Harm     .   c - +0 cloak
rCorr   .          Rampage  .   (no gloves)
Will    .....                   v - +0 pair of boots
Stlth   +++.......              (no amulet)
HPRegen 0.09/turn               (no ring)
MPRegen 0.09/turn               (no ring)

@: silenced
A: small, no large weapons, nightstalker 3
a: no special abilities


You were on level 3 of the Dungeon.
You visited 1 branch of the dungeon, and saw 3 of its levels.

You collected 127 gold pieces.

Inventory:

Hand Weapons
 j - a +2 dagger (weapon)
Missiles
 a - 28 stones
 d - 8 poisoned darts (quivered)
 e - 3 curare-tipped darts
 f - a throwing net
Armour
 b - a +0 robe (worn)
 c - a +0 cloak (worn)
 v - a +0 pair of boots (worn)
Scrolls
 i - 4 scrolls of identify {unknown}
 l - a scroll of silence
 m - a scroll of summoning {unknown}
 n - 2 scrolls of magic mapping
 p - a scroll of enchant weapon {unknown}
 s - a scroll of teleportation {unknown}
 t - a scroll of immolation {unknown}
 u - a scroll of blinking {unknown}
Potions
 g - a potion of attraction {unknown}
 h - 3 potions of curing {unknown}
 k - 3 potions of mutation {unknown}
 o - 2 potions of degeneration {unknown}
 q - a potion of magic {unknown}
 r - a potion of invisibility {unknown}
 w - a potion of might {unknown}
 x - a potion of brilliance {unknown}
 z - a potion of heal wounds {unknown}


   Skills:
 + Level 2.9 Fighting
 + Level 3.5 Short Blades
 + Level 2.8 Throwing
 + Level 2.3 Dodging
 + Level 5.8 Stealth


You had 3 spell levels left.
You didn't know any spells.
Your spell library contained the following spells:

 Spells                   Type           Power      Damage    Failure   Level
 Scorch                   Fire           0%         2d5       45%         2
 Flame Wave               Conj/Fire      0%         2d4       97%         4
 Summon Cactus Giant      Summ           0%         N/A       100%        6
 Borgnjor's Revivificati  Necr           0%         N/A       100%        8
 Necromutation            Tmut/Necr      0%         N/A       100%        8
 Death's Door             Necr           0%         N/A       100%        9


Dungeon Overview and Level Annotations

Branches:
Dungeon (3/15)

Altars:

Annotations:
D:3 Grinder


Innate Abilities, Weirdness & Mutations

You are small and have problems with some larger weapons.
You are completely attuned to the shadows.


Message History

Done exploring.
Done exploring.
There is a stone staircase leading down here.
You climb downwards.
There is a stone staircase leading up here.
Found a short sword.
Found a stone staircase leading up.
x - a purple potion
Found a scroll labelled POATEL ZEIRY.
i - 4 scrolls labelled POATEL ZEIRY (gained 1)
z - a puce potion Grinder comes into view.
Grinder shouts!
You aren't carrying any items that you can evoke.
As you read the scroll labelled XAOG YRRED, it crumbles to dust.
You feel aware of your surroundings.
You sensed 1 altar.
It was a scroll of magic mapping.
Grinder hits you!
You writhe in agony.
As you read the scroll labelled ZAESYKE VOTOGA, it crumbles to dust.
A profound silence engulfs you.
It was a scroll of silence.
Grinder hits you but does no damage.
You hit Grinder but do no damage. You hit Grinder.
Grinder is lightly wounded.
Grinder gestures at you. Pain shoots through your body!
* * * LOW HITPOINT WARNING * * *
You closely miss Grinder.
Grinder is lightly wounded.
Grinder blinks!
Unknown command.
Grinder gestures at you.
You suddenly lose the ability to move!
Grinder gestures at you. You resist with significant effort.
You can move again.
Unknown command.
Unknown command.
Unknown command.
Grinder gestures at you. Pain shoots through your body!
You die...

##.# ******,* *,,,,, #..#
*,* *,,,,, #.## *,* *,**,*
###.#### *,*****,,*,*
#......# *,,,,,,,,,,*
#.#.##.# ***,~~~~~,**
#.#.##.## **,*,~~~~~,**
#,#.....#######,,,,~~_~~,,,
*,####.5..@....,,,,~~,~~,**
*,***#.########**,,~~,~~,,,
*,,,...# *,,,,,,,,*,
****###* *****,,,,,,
*,**,** *,**,** *,**,,,
*,,,,,, *,,****


You could see Grinder.

Vanquished Creatures
  An adder (D:2)
  3 worms (D:2)
  6 bats (D:1)
  3 endoplasms
  A giant cockroach (D:2)
  6 goblins
  6 hobgoblins
  2 jackals (D:2)
  3 quokkas
  4 ball pythons
  4 frilled lizards
  5 kobolds
  5 rats
49 creatures vanquished.

Notes
Turn   | Place    | Note
-------+----------+-------------------------------------------
     0 | D:1      | Flure the Kobold Brigand began the quest for the Orb.
     0 | D:1      | Reached XP level 1. HP: 12/12 MP: 1/1
   293 | D:1      | Reached XP level 2. HP: 18/18 MP: 2/2
   482 | D:1      | Reached XP level 3. HP: 19/22 MP: 3/3
  1307 | D:2      | Reached XP level 4. HP: 27/27 MP: 4/4
  2357 | D:3      | Noticed Grinder
  2368 | D:3      | Paralysed by Grinder for 4 turns
  2373 | D:3      | Killed from afar by Grinder

Illustrated notes

Levels and vault maps discovered:
D:1:      denvon_arrival_hothouse, layout_basic, minmay_pentomino_w2
D:2:      layout_basic, minmay_small_reverse_x
D:3:      layout_loops_cross, nicolae_sif_muna_condensation, uniq_grinder

Skill      XL: |  1  2  3 |
---------------+----------+-----
Short Blades   | 3 |  3.5
Dodging        | 2 |  2.3
Fighting       | |  2.9
Throwing       | |  2.8
Stealth        | |  5.8

Action                   |  1- 3 |  4- 6 || total
-------------------------+-------+-------++-------
Melee: Dagger            |    98 |    23 ||   121
Throw: Dart              |     6 |     1 ||     7
       Stone             |       |     3 ||     3
  Use: Scroll            |       |     2 ||     2
 Stab: Sleeping          |    14 |     7 ||    21
Armor: Robe              |    17 |     2 ||    19
Dodge: Dodged            |    49 |     7 ||    56
